 Dungeon Crawl Stone Soup version 0.23.2 (webtiles) character file.

Game seed: 4457719842255614778

440 snowfan the Magician (level 6, -4/47 HPs)
             Began as a Mummy Air Elementalist on Apr 8, 2019.
             Killed from afar by Natasha (7 damage)
             ... with a magic dart
             ... on level 3 of the Dungeon.
             The game lasted 00:12:18 (3908 turns).

snowfan the Magician (Mummy Air Elementalist)       Turns: 3908, Time: 00:12:19

Health: -4/47      AC:  3    Str: 11    XL:     6   Next: 70%
Magic:  9/13       EV: 12    Int: 16    God:
Gold:   140        SH:  0    Dex: 13    Spells: 13/14 levels left

rFire    x . .     SeeInvis .   f - +0 dagger (venom)
rCold    + . .     Gourm    .   (no shield)
rNeg     + + +     Faith    +   a - +0 robe
rPois    ∞         Spirit   .   h - +0 helmet
rElec    .         Reflect  .   (no cloak)
rCorr    .         Harm     .   (no gloves)
MR       .....     Rnd*Tele +   (no boots)
Stlth    ++........             k - amulet of faith
HPRegen  0.15/turn              j - ring of teleportation
MPRegen  0.13/turn              (no ring)

@: about to teleport
A: no food or potions, fire vulnerability, cold resistance 1, negative energy
resistance 3, torment resistance, unbreathing
a: no special abilities


You were on level 3 of the Dungeon.
You were not hungry.

You visited 1 branch of the dungeon, and saw 3 of its levels.

You collected 140 gold pieces.

Inventory:

Hand Weapons
 f - a +0 dagger of venom (weapon)
Missiles
 b - 259 stones (quivered)
Armour
 a - a +0 robe (worn)
 h - a +0 helmet (worn)
Jewellery
 j - a ring of teleportation (left hand)
 k - an amulet of faith (around neck)
Scrolls
 c - 2 scrolls of teleportation
 d - 3 scrolls of identify
 e - a scroll of magic mapping {unknown}
 g - 2 scrolls of amnesia
 i - a scroll of remove curse


   Skills:
 + Level 3.1 Fighting
 + Level 0.8 Armour
 - Level 1.5 Dodging
 - Level 1.5 Stealth
 + Level 4.9 Spellcasting
 - Level 0.7 Conjurations
 * Level 4.7 Air Magic


You had 13 spell levels left.
You knew the following spells:

 Your Spells              Type           Power        Failure   Level  Hunger
a - Shock                 Conj/Air       ##..         4%          1    N/A

Your spell library contained the following spells:

 Spells                   Type           Power        Failure   Level  Hunger
 Swiftness                Chrm/Air       ##......     9%          2    N/A
 Static Discharge         Conj/Air       ##......     16%         3    N/A
 Airstrike                Air            ###.......   22%         4    N/A
 Lightning Bolt           Conj/Air       ##........   80%         5    N/A

Dungeon Overview and Level Annotations

Branches:
Dungeon (3/15)

Altars:
Okawaru

Annotations:
D:3 Natasha, Purgy


Innate Abilities, Weirdness & Mutations

You do not eat or drink.
Your flesh is vulnerable to fire.
You are immune to poison.
Your flesh is cold resistant. (rC+)
You are immune to negative energy. (rN+++)
You are immune to unholy pain and torment.
You can survive without breathing.


Message History

Found a dagger.
As you read the scroll labeled EGUSUA HENE, it crumbles to dust.
You feel as if something is helping you.
It was a scroll of remove curse.
As you read the scroll labeled HOUC DAKHISAPP, it crumbles to dust.
It is a scroll of amnesia.
Okay, then.
As you read the scroll labeled DANAL DOOXT, it crumbles to dust.
It is a scroll of identify.
c - 3 scrolls of teleportation Natasha wildly gestures.
Natasha's front paws start to glow.
Natasha closely misses you. The kobold hits you with a +0 dagger.
* * * LOW HITPOINT WARNING * * *
As you read the scroll of teleportation, it crumbles to dust.
You feel strangely unstable. Natasha closely misses you.
The kobold barely misses you. Natasha casts a spell at you.
The magic dart hits you!
You die...

..........#....) ###..%#.......
#............... ... ........#.
##.###.#........ ..##.......$..
#.# #...##.....####...?.#....$#.
... .##.##.....?................
... . †##......................
.. .. ........hww.....>....... .
.. .....#...♣...#..........
###### h.#(..@♣K♣....?........
...### #..(..♣.♣.♣............
..... ##...♣.♣.♣.♣...?.......
...# #..♣.♣._.♣.♣..#..†.... ...#
#...♣.♣.♣.♣..###.#..$. ...####
......♣.♣.♣...# #.#..(.
...†..####... ...♣.♣....###.##...
...##...##....#...♣...#..##.##...
...####..........................


You could see 2 worms and Natasha.

Vanquished Creatures
  Grinder (D:2)
  Ijyb (D:3)
  Jessica (D:3)
  Terence (D:2)
  Natasha (twice) (D:3)
  3 adders
  An ooze (D:1)
  A worm (D:2)
  3 leopard geckos
  10 bats
  6 giant cockroaches
  5 goblins
  9 hobgoblins
  17 jackals
  11 kobolds
  A quokka (D:3)
  3 frilled lizards
  7 rats
83 creatures vanquished.

Notes
Turn   | Place    | Note
-------+----------+-------------------------------------------
     0 | D:1      | snowfan the Mummy Air Elementalist began the quest for the
                  | Orb.
     0 | D:1      | Reached XP level 1. HP: 13/13 MP: 4/4
   320 | D:1      | Reached XP level 2. HP: 20/20 MP: 0/5
   792 | D:1      | Reached skill level 1 in Fighting
  1291 | D:1      | Reached XP level 3. HP: 24/26 MP: 3/7
  1991 | D:2      | Noticed Terence
  2027 | D:2      | Killed Terence
  2027 | D:2      | Reached XP level 4. HP: 31/32 MP: 1/9
  3005 | D:3      | Noticed Purgy
  3054 | D:3      | Noticed Grinder
  3070 | D:2      | Paralysed by Grinder for 3 turns
  3085 | D:2      | Killed Grinder
  3085 | D:2      | Reached XP level 5. HP: 14/40 MP: 0/11
  3085 | D:2      | Reached XP level 6. HP: 16/46 MP: 0/12
  3399 | D:3      | Noticed Natasha
  3414 | D:3      | Killed Natasha
  3625 | D:3      | Noticed Natasha
  3629 | D:3      | Noticed Ijyb
  3644 | D:3      | Noticed Jessica
  3661 | D:3      | Killed Jessica
  3675 | D:3      | Killed Ijyb
  3890 | D:3      | Killed Natasha
  3895 | D:3      | Found an iron altar of Okawaru.
  3901 | D:3      | Noticed Natasha
  3908 | D:3      | Killed from afar by Natasha

Skill      XL: |  1  2  3  4  5  6 |
---------------+-------------------+-----
Spellcasting   | 3 4 |  4.9
Fighting       | 1 2 3 |  3.1
Air Magic      | 3 4 |  4.7
Armour         | |  0.8
Dodging        | |  1.5
Stealth        | |  1.5
Conjurations   | |  0.7

Action                   |  1- 3 |  4- 6 || total
-------------------------+-------+-------++-------
Melee: Unarmed           |     4 |       ||     4
       Dagger            |    16 |    27 ||    43
       Club              |     3 |       ||     3
Throw: Stone             |     4 |       ||     4
 Cast: Shock             |    78 |   114 ||   192
  Use: Scroll            |       |     4 ||     4
Armor: Robe              |     9 |    17 ||    26
Dodge: Dodged            |    34 |    46 ||    80
